 Dungeon Crawl Stone Soup version 0.21-a0-591-g2314aa1 (webtiles) character file.

139 mopl the Stinger (level 5, -4/42 HPs)
             Began as a Naga Venom Mage on Dec 22, 2017.
             Slain by an ogre
             ... wielding a +0 giant club
              (12 damage)
             ... on level 6 of the Dungeon.
             The game lasted 00:04:38 (2003 turns).

mopl the Stinger (Naga Venom Mage)                  Turns: 2003, Time: 00:04:39

Health: -4/42      AC:  5    Str: 10    XL:     5   Next: 22%
Magic:  1/9        EV: 10    Int: 17    God:
Gold:   146        SH:  0    Dex: 11    Spells: 0/10 levels left

rFire    + . .     SeeInvis +   g - +0 spear
rCold    . . .     Gourm    .   (no shield)
rNeg     . . .     Faith    .   a - +0 robe
rPois    +         Spirit   .   (no helmet)
rElec    .         Reflect  .   (no cloak)
rCorr    .         Harm     .   u - +2 pair of gloves
MR       .....                  (no barding)
Stlth    ++........             (no amulet)
HPRegen  0.14/turn              s - ring of protection from fire
MPRegen  0.11/turn              (no ring)

@: very slightly contaminated, very slow
A: large, see invisible, deformed body, poison resistance, slowness 2, slow
metabolism 1, spit poison 1, AC +1
a: Spit Poison


You were on level 6 of the Dungeon.
You were hungry.

You visited 1 branch of the dungeon, and saw 4 of its levels.

You collected 146 gold pieces.

Inventory:

Hand Weapons
 e - a +0 dagger
 g - a +0 spear (weapon)
Missiles
 l - 20 poisoned needles
Armour
 a - a +0 robe (worn)
 u - a +2 pair of gloves (worn)
Jewellery
 s - a ring of protection from fire (left hand)
Scrolls
 f - 4 scrolls of magic mapping {unknown}
 i - a scroll of remove curse {unknown}
 m - 2 scrolls of fog
 o - 2 scrolls of amnesia {unknown}
 p - a scroll of identify {unknown}
 q - a scroll of teleportation {unknown}
 t - a scroll of noise {unknown}
Potions
 d - 3 potions of heal wounds {unknown}
 h - a potion of agility {unknown}
 j - 2 potions of cancellation {unknown}
 r - a potion of mutation {unknown}
Books
 b - a Young Poisoner's Handbook

   Spells                             Type                      Level
   a - Sting                          Conjuration/Poison           1
   b - Poisonous Vapours              Poison/Air                   2
   c - Mephitic Cloud                 Conjuration/Poison/Air       3
   d - Olgreb's Toxic Radiance        Poison                       4
   e - Venom Bolt                     Conjuration/Poison           5
Comestibles
 c - 9 rations
 n - a chunk of flesh


   Skills:
 - Level 1.5 Dodging
 - Level 3.0 Stealth
 + Level 3.0 Spellcasting
 + Level 2.5 Conjurations
 + Level 1.8 Air Magic
 + Level 5.2 Poison Magic


You couldn't memorise any spells.
You knew the following spells:

 Your Spells              Type           Power        Failure   Level  Hunger
a - Sting                 Conj/Pois      ###.         3%          1    None
b - Poisonous Vapours     Pois/Air       ##....       6%          2    ##.....
c - Olgreb's Toxic Radia  Pois           ###.....     21%         4    ####...
d - Mephitic Cloud        Conj/Pois/Air  ##......     14%         3    ###....


Dungeon Overview and Level Annotations

Branches:
Dungeon (3/15)

Altars:


Innate Abilities, Weirdness & Mutations

You cannot wear boots.
Your serpentine skin is tough. (AC +1)
You have supernaturally acute eyesight. (SInv)
Armour fits poorly on your strangely shaped body.
Your system is resistant to poisons. (rPois)
You cover ground very slowly.
You have a slow metabolism.
You can spit poison.


Message History

* * * LOW HITPOINT WARNING * * *
Casting: Poisonous Vapours
Confirm with . or Enter, or press ? or * to list all spells.
Okay, then.
The crimson imp summons a swarm of flies.
The crimson imp hits you.
* * * LOW HITPOINT WARNING * * *
The crimson imp shouts, "Fly, thou unctious wibble-sucking buzzard-bait!"
The crimson imp blinks!
Casting: Poisonous Vapours
Confirm with . or Enter, or press ? or * to list all spells.
Aiming: Mephitic Cloud
Press: ? - help, Shift-Dir - straight line, f/p - ogre
Aim: an ogre, wielding a giant club (severely wounded, poisoned)
You miscast Mephitic Cloud.
You are very lightly contaminated with residual magic.
You feel faint for a moment.
You are feeling hungry.
The ogre hits you with a giant club!
You die...

###################
#......#..........#
#......#..........#
#.................#
##.................#
#........)..........
#.......####........
#......## #........
#..@O..# #........
#......### #........
#........###........
##.....5...#........
####......#........
. #......#..(.....
..# #......#........
....
#......##.......
.....
#......##.......


You could see an ogre and a crimson imp.

Vanquished Creatures
  A worker ant (D:6)
  Terence (D:2)
  4 adders (D:2)
  2 worms (D:2)
  3 dart slugs
  2 leopard geckos (D:1)
  4 giant cockroaches
  5 hobgoblins
  2 jackals (D:3)
  A quokka (D:2)
  6 bats
  4 frilled lizards
  4 goblins
  4 kobolds
  2 quokka skeletons
  4 rats
49 creatures vanquished.

Notes
Turn   | Place    | Note
-------+----------+-------------------------------------------
     0 | D:1      | mopl the Naga Venom Mage began the quest for the Orb.
     0 | D:1      | Reached XP level 1. HP: 15/15 MP: 3/3
   134 | D:1      | Reached XP level 2. HP: 21/22 MP: 3/5
   143 | D:1      | Learned a level 2 spell: Poisonous Vapours
   537 | D:2      | Reached XP level 3. HP: 21/28 MP: 0/6
   542 | D:2      | Learned a level 3 spell: Mephitic Cloud
   610 | D:2      | Reached skill level 1 in Air Magic
   621 | D:2      | Reached skill level 2 in Conjurations
   950 | D:2      | Noticed Terence
   972 | D:2      | Killed Terence
   972 | D:2      | Reached XP level 4. HP: 17/36 MP: 1/8
  1364 | D:2      | Reached skill level 5 in Poison Magic
  1886 | D:3      | You fall through a shaft for 3 floors!
  1891 | D:6      | Reached skill level 3 in Spellcasting
  1891 | D:6      | Reached XP level 5. HP: 42/42 MP: 4/9
  1897 | D:6      | Learned a level 4 spell: Olgreb's Toxic Radiance
  1987 | D:6      | Noticed an ogre
  2003 | D:6      | Slain by an ogre

Vault maps used:
D:1:      evilmike_arrival_plus, st_stairs_9, minmay_tetromino_s4
D:2:      kennysheep_nub, uniq_terence
D:3:      lightli_temple_of_fire
D:6:      minmay_temple_entry_nine_rooms, minmay_misc_feat_hallway,
          corexii_item_surrounded_by_moat

Skill      XL: |  1  2  3  4 |
---------------+-------------+-----
Air Magic      | 1 |  1.8
Conjurations   | 2 |  2.5
Poison Magic   | 5 |  5.2
Spellcasting   | 3 |  3.0
Dodging        | |  1.5
Stealth        | |  3.0

Action                   |  1- 3 |  4- 6 || total
-------------------------+-------+-------++-------
Melee: Dagger            |     5 |       ||     5
       Spear             |    69 |    54 ||   123
 Cast: Sting             |     9 |       ||     9
       Poisonous Vapours |    14 |    20 ||    34
       Mephitic Cloud    |     1 |       ||     1
 Abil: Spit Poison       |    10 |       ||    10
  Use: Scroll            |       |     1 ||     1
 Stab: Sleeping          |     3 |       ||     3
  Eat: Chunk             |     1 |     4 ||     5
Armor: Robe              |    22 |    13 ||    35
Dodge: Dodged            |    57 |    32 ||    89

Table legend:
 A = Spawn XP
 B = Non-spawn XP
 C = Spawn XP percentage of total XP
 D = Spawn monster count
 E = Non-spawn monster count
 F = Spawn count percentage of total count
 G = Total turns spent on level
                    A         B        C        D         E        F      G
               +---------+---------+-------+---------+---------+-------+---------
         Total |       0 |     199 |   0.0 |       0 |      49 |   0.0 |  2003
               +---------+---------+-------+---------+---------+-------+---------
           D:1 |       0 |      25 |   0.0 |       0 |      15 |   0.0 |   759
           D:2 |       0 |     128 |   0.0 |       0 |      25 |   0.0 |   910
           D:3 |       0 |      11 |   0.0 |       0 |       7 |   0.0 |   217
           D:6 |       0 |      35 |   0.0 |       0 |       2 |   0.0 |   117
               +---------+---------+-------+---------+---------+-------+---------
